 Dungeon Crawl Stone Soup version 0.31-a0-180-g519b7de00c (webtiles) character file.

Game seed: 11709209273975708881

3286 Moral the Slicer (level 9, -4/78 HPs)
             Began as a Minotaur Brigand on June 19, 2023.
             Was a Believer of Dithmenos.
             Engulfed by a cloud of flame (25 damage)
             ... on level 8 of the Dungeon.
             The game lasted 00:15:28 (7033 turns).

Moral the Slicer (Minotaur Brigand)                 Turns: 7033, Time: 00:15:29

Health: -4/78      AC:  3    Str: 22    XL:     9   Next: 69%
Magic:  8/8        EV: 14    Int:  8    God:    Dithmenos [**....]
Gold:   301        SH:  0    Dex: 15    Spells: 8/8 levels left

rFire   . . .        l - +1 dagger (drain)
rCold   . . .        (no shield)
rNeg    . . .        b - +0 robe
rPois   .            (helmet restricted)
rElec   .            A - scarf of Wonder {+Inv, Str+5 Slay+3}
rCorr   .            w - +0 pair of gloves
SInv    .            (no boots)
Will    .....        (no amulet)
Stlth   +++++        (no ring)
HPRegen 0.33/turn    (no ring)
MPRegen 0.11/turn

%: no passive effects
@: wreathed by umbra
A: horns 2, retaliatory headbutt
a: Renounce Religion, Evoke Invisibility, Shadow Step


You were on level 8 of the Dungeon.
You worshipped Dithmenos.
Dithmenos was pleased with you.
You visited 2 branches of the dungeon, and saw 9 of its levels.
You also visited: Sewer.

You collected 301 gold pieces.

Inventory:

Hand Weapons
 l - a +1 dagger of draining (weapon)
Missiles
 d - 51 poisoned darts (quivered)
 e - 3 curare-tipped darts
 p - a throwing net
Armour
 b - a +0 robe (worn)
 o - a +0 cloak
 w - a +0 pair of gloves (worn)
 A - the scarf of Wonder (worn) {+Inv, Str+5 Slay+3}
   (You found it on level 6 of the Dungeon)

   Str:       It affects your strength (+5).
   Slay:      It affects your accuracy & damage with ranged weapons and melee
   (+3).
Wands
 v - a wand of flame (26)
 y - a wand of paralysis (11)
Scrolls
 a - 2 scrolls of brand weapon
 f - a scroll of revelation
 g - a scroll of fear
 i - a scroll of enchant armour
 k - a scroll of silence {unknown}
 n - a scroll of fog {unknown}
 q - a scroll of noise {unknown}
 s - 2 scrolls of teleportation {unknown}
 t - 4 scrolls of amnesia
 z - 2 scrolls of poison {unknown}
 C - a scroll of identify
Potions
 c - 2 potions of invisibility {unknown}
 h - 2 potions of mutation {unknown}
 j - 2 potions of haste {unknown}
 m - 6 potions of curing
 r - a potion of might {unknown}
 u - 3 potions of enlightenment
 x - 3 potions of degeneration {unknown}
 B - a potion of berserk rage {unknown}


   Skills:
 + Level 6.9 Fighting
 * Level 9.1 Short Blades
 - Level 2.0 Throwing
 + Level 6.0 Dodging
 * Level 8.1 Stealth


You had 8 spell levels left.
You didn't know any spells.
Your spell library contained the following spells:

 Spells                   Type           Power      Damage    Failure   Level
 Beastly Appendage        Tmut           0%         N/A       41%         1
 Freeze                   Ice            0%         1d3       41%         1
 Kiss of Death            Conj/Necr      0%         2d5       41%         1
 Blink                    Tloc           0%         N/A       54%         2
 Ensorcelled Hibernation  Hex/Ice        0%         N/A       54%         2
 Lesser Beckoning         Tloc           0%         N/A       54%         2
 Momentum Strike          Conj/Tloc      0%         3d8       54%         2
 Wereblood                Tmut           0%         N/A       54%         2
 Confusing Touch          Hex            0%         N/A       78%         3
 Frozen Ramparts          Ice            0%         1d1       78%         3
 Hailstorm                Conj/Ice       0%         3d3       78%         3
 Spider Form              Tmut/Pois      0%         N/A       78%         3
 Anguish                  Hex/Necr       0%         N/A       99%         4
 Dispel Undead            Necr           0%         3d6       99%         4
 Leda's Liquefaction      Hex/Erth       0%         N/A       99%         4
 Lee's Rapid Deconstruct  Erth           0%         3d4*      100%        5
 Leda's Unmaking          Conj/Erth      0%         9d1       100%        6
 Statue Form              Tmut/Erth      0%         N/A       100%        6


Dungeon Overview and Level Annotations

Branches:
Dungeon (8/15)             Temple (1/1) D:5            Lair (0/5) D:8
  Sewer (visited)

Altars:
Ashenzari
Cheibriados
Dithmenos
Elyvilon
Fedhas
Gozag
Hepliaklqana
Makhleb
Nemelex Xobeh
Okawaru
Ru
Sif Muna
Trog
Uskayaw
Vehumet
Wu Jian
Yredelemnul
Zin
The Shining One

Annotations:
D:4 3 runed translucent doors, rabbitsville's ghost, amateur FoHu; rinse's ghost, amateur DsBr; rinse's ghost, amateur VSBr
D:8 Amaemon


Innate Abilities, Weirdness & Mutations

You have a pair of horns on your head.
You reflexively headbutt those who attack you in melee.


Message History

You see here a +0 dagger.
You hit the fire crab. You drain the fire crab.
The fire crab is lightly wounded.
You hit the fire crab.
The fire crab is moderately wounded.
The fire crab completely misses you. You furiously retaliate!
You headbutt the fire crab! The fire crab claws you.
You are engulfed in flames!
You barely miss the fire crab.
The fire crab is moderately wounded.
The fire crab barely misses you. The fire crab claws you!
You are engulfed in flames!
You hit the fire crab.
The fire crab is heavily wounded.
You hit the fire crab but do no damage. You headbutt the fire crab!
The fire crab is severely wounded.
The fire crab barely misses you. You furiously retaliate!
You headbutt the fire crab! The fire crab misses you.
You hit the fire crab but do no damage. You drain the fire crab.
You headbutt the fire crab.
The fire crab is almost dead.
You hit the fire crab.
The fire crab is almost dead.
The fire crab breathes flames at you. The blast of flame engulfs you.
You completely miss the fire crab.
The fire crab is almost dead.
You are engulfed in blazing flames.
The fire crab breathes flames at you. The blast of flame engulfs you.
You hit the fire crab but do no damage. You headbutt the fire crab.
You kill the fire crab!
Dithmenos accepts your kill.
You are engulfed in blazing flames.
* * * LOW HITPOINT WARNING * * *
Your Short Blades skill increases to level 9!
Your Dodging skill increases to level 6!
Your Stealth skill increases to level 8!
You feel better.
You are engulfed in blazing flames.
You die...

,,** *............# *,,,,,,,* ***
*............# *,,,,,,**
,,****.......(....##### **,,,,,*
,,,,,*..........)..§§.# **,,,,*
,,,,,,..........≈≈§≈..##****,,,*
,,,,,,.......§.§§§§§§....,,,*,***
,,,,,,,.#....§≈§§§§≈≈.##.,,,,,,,,
,,,,,,,*####..§§°°°°≈.#*,***,,,,,
,,,,,,** ##..§§@°°≈≈.#*,* *,,,,,
,,,,,** #...§°°°°≈....,* *,,,,,
,,,,** *#...°°§°°...##** *,,,,,
,,,** *#..#.°°°§§...# **,,,,,
,,** #..###.°.°....#* *,,,,,* ,**
*#.#* ##........# *,,,,,* **
*#.#* ###.###..#* *,,,,,* * #..*
*## *...***,,,,,* *#.**
**,,,**,,,,**


There were no monsters in sight!

Vanquished Creatures
  A fire crab (D:8)
  Sigmund (D:3)
  Eustachio (D:6)
  4 water moccasins
  An ice beast (D:6)
  A sky beast (D:7)
  A black bear (D:5)
  2 centaurs
  A phantom (D:4)
  2 kobold brigands (Sewer)
  4 bullfrogs
  A gnoll sergeant (D:7)
  2 howler monkeys (D:6)
  2 jellies
  3 hounds
  5 orc priests
  2 iguanas (D:5)
  3 sleepcaps
  A gnoll bouda (D:7)
  6 orc wizards
  6 adders
  14 gnolls
  A river rat (Sewer)
  2 white imps
  2 worms (D:3)
  2 dart slugs (D:2)
  33 orcs
  5 endoplasms
  3 giant cockroaches
  7 goblins
  8 hobgoblins
  7 jackals
  3 quokkas
  6 ball pythons
  7 bats
  4 frilled lizards
  17 kobolds
  24 rats
195 creatures vanquished.

Notes
Turn   | Place    | Note
-------+----------+-------------------------------------------
     0 | D:1      | Moral the Minotaur Brigand began the quest for the Orb.
     0 | D:1      | Reached XP level 1. HP: 18/18 MP: 0/0
   274 | D:1      | Reached XP level 2. HP: 25/25 MP: 1/1
   753 | D:2      | Reached XP level 3. HP: 28/30 MP: 2/2
  1010 | D:2      | Reached skill level 3 in Short Blades
  1761 | D:3      | Found a sparkling altar of Nemelex Xobeh.
  1957 | D:3      | Found a glowing drain.
  1970 | D:3      | Reached XP level 4. HP: 38/38 MP: 3/3
  1973 | Sewer    | Entered a sewer
  2071 | Sewer    | Noticed a kobold brigand
  2073 | Sewer    | Noticed a kobold brigand
  2089 | Sewer    | Killed a kobold brigand
  2090 | Sewer    | Reached XP level 5. HP: 9/45 MP: 4/4
  2092 | Sewer    | Reached skill level 4 in Short Blades
  2238 | Sewer    | Found a glowing silver altar of Zin.
  2463 | D:3      | Reached XP level 6. HP: 22/52 MP: 5/5
  2658 | D:3      | Noticed Sigmund
  2674 | D:3      | Killed Sigmund
  2675 | D:3      | Reached skill level 5 in Short Blades
  2675 | D:3      | Reached skill level 5 in Stealth
  2992 | D:4      | Reached XP level 7. HP: 12/59 MP: 6/6
  3603 | D:4      | Found a runed translucent gate.
  3603 | D:4      | Found a runed translucent gate.
  3606 | D:4      | Found a runed translucent gate.
  3609 | D:4      | Noticed rinse's ghost (amateur VSBr)
  3609 | D:4      | Noticed rabbitsville's ghost (amateur FoHu)
  3609 | D:4      | Noticed rinse's ghost (amateur DsBr)
  3788 | D:5      | Entered Level 5 of the Dungeon
  4072 | D:5      | Reached skill level 6 in Short Blades
  4123 | D:5      | Found a staircase to the Ecumenical Temple.
  4196 | D:5      | Reached XP level 8. HP: 65/67 MP: 7/7
  4227 | Temple   | Entered the Ecumenical Temple
  4397 | Temple   | Became a worshipper of Dithmenos the Shadowed
  4638 | D:5      | Reached skill level 5 in Fighting
  5020 | D:6      | Found a broken altar of Ashenzari.
  5021 | D:6      | Found a radiant altar of Vehumet.
  5023 | D:6      | Found a hide-covered altar of Uskayaw.
  5025 | D:6      | Found a shimmering blue altar of Sif Muna.
  5099 | D:6      | Reached skill level 7 in Short Blades
  5101 | D:6      | Noticed Eustachio
  5103 | D:6      | Killed Eustachio
  5136 | D:6      | Reached * piety under Dithmenos
  5405 | D:6      | Identified the scarf of Wonder {+Inv, Str+5 Slay+3}
  5627 | D:6      | Reached skill level 5 in Dodging
  5658 | D:6      | Reached ** piety under Dithmenos
  5827 | D:6      | Reached XP level 9. HP: 75/75 MP: 8/8
  6157 | D:7      | Reached skill level 8 in Short Blades
  6895 | D:8      | Noticed Amaemon
  6906 | D:8      | Noticed an orange demon
  7010 | D:8      | Noticed a fire crab
  7011 | D:8      | Found a staircase to the Lair.
  7032 | D:8      | Killed a fire crab
  7033 | D:8      | Reached skill level 9 in Short Blades
  7033 | D:8      | Engulfed by a cloud of flame

Illustrated notes

Levels and vault maps discovered:
D:1:      co_arrival_square_in_a_square_in_a_square, layout_loops_ring,
          kennysheep_pointless_box, chequers_arboretum, minmay_pentomino_r4
D:2:      layout_basic, minmay_rat_gold_closets
D:3:      layout_loops_cross, nemelex_dance_club_becter,
          cheibrodos_sewer_entry_bend, uniq_sigmund
D:4:      layout_loops_ring, gammafunk_ghost_cemetery, minmay_unequal
D:5:      layout_loops_ring, minmay_temple_entry_overgrown,
          kennysheep_generic_room_10
D:6:      corexii_shantytown, layout_loops_cross, minitemple, uniq_eustachio
D:7:      layout_loops_ring
D:8:      layout_cave_pods, nicolae_qazlal_scattered_showers,
          minmay_lair_entry_lava, uniq_amaemon, uniq_prince_ribbit1
Temple:   minmay_temple_curvy_branch

Skill      XL: |  1  2  3  4  5  6  7  8  9 |
---------------+----------------------------+-----
Short Blades   | 3 4 5 6 7 9 |  9.1
Fighting       | 3 4 6 |  6.9
Dodging        | 2 3 4 5 6 |  6.0
Stealth        | 4 5 7 8 |  8.1
Throwing       | |  2.0

Action                     |  1- 3 |  4- 6 |  7- 9 || total
---------------------------+-------+-------+-------++-------
  Melee: Quarterstaff      |    20 |       |       ||    20
         Dagger            |    68 |   115 |   305 ||   488
         Headbutt          |     8 |    15 |    51 ||    74
         Punch             |       |       |     3 ||     3
  Throw: Dart              |       |       |     2 ||     2
    Use: Scroll            |       |       |     8 ||     8
         Potion            |       |       |     4 ||     4
   Stab: Sleeping          |    19 |     2 |    29 ||    50
 Armour: Robe              |    14 |    27 |    39 ||    80
  Dodge: Dodged            |    34 |    43 |   149 ||   226

Table legend: (Time is in decaauts)
 A = Elapsed time spent in this place.
 B = Non-inter-level travel time spent in this place.
 C = Inter-level travel time spent in this place.
 D = Time resting spent in this place.
 E = Time spent auto-exploring this place.
 F = Levels seen in this place.
 G = Mean time per level.
                   A        B        C        D        E       F      G
               +--------+--------+--------+--------+--------+-----+--------+
         Total |   6921 |   6674 |    247 |    518 |   4831 |  10 |  692.1 |
       Dungeon |   6337 |   6090 |    247 |    388 |   4442 |   8 |  792.1 |
        Temple |    263 |    263 |      0 |      0 |    251 |   1 |  263.0 |
         Sewer |    319 |    319 |      0 |    130 |    138 |   1 |  319.0 |
               +--------+--------+--------+--------+--------+-----+--------+

Top non-repeatable levels by time:
     D:3: 1106 daAuts
     D:6: 1091 daAuts
     D:7: 931 daAuts
     D:2: 828 daAuts
     D:4: 803 daAuts
     D:5: 757 daAuts
     D:1: 710 daAuts
   Sewer: 319 daAuts
  Temple: 263 daAuts
     D:8: 109 daAuts
